[Event "Titled Tuesday Blitz June 20 Early 2023"]
[White "Yuan, Qingyu"]
[Black "Karamsetty, Jeevan"]
[WhiteFideId "8609772"]
[BlackFideId "2025337"]
[WhiteElo "2359"]
[BlackElo "2131"]
[Result "1-0"]
[Round "5"]
[TimeControl "180+2"]
[Date "2023.06.20"]
[WhiteClock "0:00:07"]
[BlackClock "0:00:18"]
[Board "50"]

1. e4 g6 2. d4 d6 3. Nc3 Bg7 4. Nf3 Nf6 5. Be2 O-O 6. O-O Nc6 7. h3 e5 8. Be3 Nh5 9. dxe5 dxe5 10. Qxd8 Nxd8 11. Bc4 Be6 12. Bb3 c6 13. Rfd1 Bxb3 14. axb3 b6 15. Rd7 Nf4 16. Bxb6 Nde6 17. Raxa7 Rab8 18. Be3 c5 19. Nd5 Nxd5 20. exd5 Nd4 21. Nxd4 cxd4 22. Bg5 Rbc8 23. Rdc7 Rb8 24. Be7 Rfe8 25. Ba3 e4 26. Rxf7 Be5 27. Rfe7 d3 28. cxd3 exd3 29. Kf1 Bf6 30. Re6 Rxe6 31. dxe6 Rxb3 32. Ra8+ Bd8 33. Rxd8+ Kg7 34. e7 d2 35. e8=Q d1=Q+ 36. Rxd1 Rb7 37. Rd7+ Kh6 38. Rxb7 Kg5 39. Qe5+ Kh6 40. Qf4+ g5 41. Qf6+ Kh5 42. Rxh7# 1-0


[Site "https://www.chess.com"]

[Event "Titled Tuesday Blitz June 20 Early 2023"]
[White "Fernandez Guillen, Ernesto J."]
[Black "Mekhane, Adam"]
[WhiteFideId "3512428"]
[BlackFideId "36050601"]
[WhiteElo "2434"]
[BlackElo "2177"]
[Result "1/2-1/2"]
[Round "5"]
[TimeControl "180+2"]
[Date "2023.06.20"]
[WhiteClock "0:00:21"]
[BlackClock "0:00:39"]
[Board "51"]

1. e4 c5 2. Nf3 Nc6 3. d4 cxd4 4. Nxd4 Nf6 5. Nc3 h5 6. Nb3 e5 7. f3 Bb4 8. Bd2 d5 9. Nxd5 Nxd5 10. exd5 Qxd5 11. c3 Be7 12. Be3 Be6 13. Qxd5 Bxd5 14. O-O-O O-O-O 15. Bd3 g6 16. Rhe1 f5 17. Kb1 h4 18. h3 Rhe8 19. Bc2 Be6 20. Nc5 Bf7 21. Ba4 Rxd1+ 22. Rxd1 Rd8 23. Rxd8+ Bxd8 24. Nd3 Bf6 25. Bxc6 bxc6 26. Bxa7 Bc4 27. Kc2 e4 28. fxe4 fxe4 29. Ne1 Kd7 30. b3 Bf1 31. Bf2 Ke6 32. Kd2 Kf5 33. a4 g5 34. Nc2 Kf4 35. Ne3 Ba6 36. b4 Bd8 37. c4 Bb6 38. b5 Bb7 39. Ke2 Bc5 40. a5 Bc8 41. a6 Bxe3 42. Bxe3+ Kg3 43. Bxg5 cxb5 44. cxb5 Bd7 45. b6 Bb5+ 46. Ke3 Bxa6 47. Kxe4 Kxg2 48. Bxh4 Kxh3 49. Bf6 Bb7+ 50. Ke5 Kg4 51. Kd6 Kf3 52. Ba1 Be4 53. Kc7 Ke2 54. Bh8 Kd3 55. Kd6 Kc4 56. Ke5 Bb7 57. Kd6 Kb5 58. Kc7 Ka6 59. Bc3 Be4 60. Be5 Bb7 61. Bd4 Be4 62. Bf6 Bb7 63. Be5 Be4 64. Bf6 Bb7 65. Be5 Bf3 66. Bf6 Bb7 1/2-1/2


[Site "https://www.chess.com"]

[Event "Titled Tuesday Blitz June 20 Early 2023"]
[White "Ljukin, Sergei"]
[Black "Rohith Krishna S"]
[WhiteFideId "14102200"]
[BlackFideId "46617051"]
[WhiteElo "2312"]
[BlackElo "2270"]
[Result "0-1"]
[Round "5"]
[TimeControl "180+2"]
[Date "2023.06.20"]
[WhiteClock "0:00:15"]
[BlackClock "0:01:49"]
[Board "52"]

1. e4 e5 2. Nf3 Nc6 3. Bb5 a6 4. Ba4 Nf6 5. Qe2 b5 6. Bb3 Bc5 7. c3 d6 8. d3 h6 9. Be3 Ba7 10. Nbd2 O-O 11. O-O Be6 12. d4 Bd7 13. Rfd1 Qe7 14. d5 Na5 15. Bc2 c6 16. b4 Nb7 17. Bxa7 Rxa7 18. dxc6 Bxc6 19. a4 Rfa8 20. c4 Qe8 21. cxb5 axb5 22. a5 Nd8 23. Bb3 Ne6 24. Rac1 Nf4 25. Qe3 Ng4 26. Qb6 Ra6 27. Qc7 R8a7 28. Qxd6 Ne2+ 29. Kf1 Nxc1 30. Rxc1 Bxe4 31. Nxe4 Rxd6 32. Nxd6 Qd7 33. Nxf7 Qd3+ 0-1


[Site "https://www.chess.com"]

[Event "Titled Tuesday Blitz June 20 Early 2023"]
[White "Renjith, Sravan"]
[Black "Asavasaetakul, Chawit"]
[WhiteFideId "4306783"]
[BlackFideId "6204856"]
[WhiteElo "2104"]
[BlackElo "1919"]
[Result "1-0"]
[Round "5"]
[TimeControl "180+2"]
[Date "2023.06.20"]
[WhiteClock "0:00:15"]
[BlackClock "0:00:12"]
[Board "53"]

1. b3 d5 2. Bb2 c6 3. Nf3 Nf6 4. e3 Bf5 5. Be2 e6 6. O-O h6 7. c4 Be7 8. d3 O-O 9. Nbd2 a5 10. Re1 Re8 11. Bf1 Bh7 12. e4 Na6 13. e5 Nd7 14. a3 Nac5 15. Re3 Nb6 16. d4 Ne4 17. Nxe4 Bxe4 18. Nd2 Bg6 19. c5 Nd7 20. b4 b6 21. b5 Qc7 22. bxc6 Qxc6 23. cxb6 Qxb6 24. Rb3 Qa7 25. Bb5 Rec8 26. a4 Bc2 27. Qf3 Bxb3 28. Qxb3 Nb6 29. f4 Rab8 30. Rf1 Bb4 31. Nb1 Nc4 32. Ba1 g6 33. h4 h5 34. g4 hxg4 35. Qg3 Nd2 36. Nxd2 Bxd2 37. h5 gxh5 38. Qh4 Be3+ 39. Kh1 Rxb5 40. axb5 Bxd4 41. Qg5+ Kf8 42. Qh6+ Ke8 43. f5 exf5 44. e6 Ke7 45. Rxf5 Rc1+ 46. Qxc1 Bxa1 47. Rxf7+ Kxe6 48. Rxa7 Bd4 49. Qc6+ Ke5 50. Re7+ Kf4 51. Qxd5 Be3 52. Qe4+ Kg3 53. Qxe3+ Kh4 54. Qf2+ g3 55. Qf4+ Kh3 56. Qf5+ Kh4 57. Re4# 1-0


[Site "https://www.chess.com"]

[Event "Titled Tuesday Blitz June 20 Early 2023"]
[White "Priasmoro, Novendra"]
[Black "Delorme, Axel"]
[WhiteFideId "7105029"]
[BlackFideId "632023"]
[WhiteElo "2412"]
[BlackElo "2478"]
[Result "1-0"]
[Round "5"]
[TimeControl "180+2"]
[Date "2023.06.20"]
[WhiteClock "0:01:15"]
[BlackClock "0:00:09"]
[Board "54"]

1. e4 c5 2. Nf3 d6 3. d4 cxd4 4. Nxd4 Nf6 5. Nc3 a6 6. Be2 e5 7. Nb3 Be6 8. O-O Be7 9. Kh1 O-O 10. Be3 Nbd7 11. f4 exf4 12. Bxf4 Ne5 13. Nd4 Qd7 14. Qd2 Rac8 15. Rad1 Nc4 16. Qc1 Rfd8 17. Bg5 Ne8 18. Nxe6 Qxe6 19. Bxe7 Qxe7 20. Nd5 Qxe4 21. Bf3 Qe5 22. b3 Nb2 23. Rde1 Nd3 24. Rxe5 Nxc1 25. Ree1 Nxa2 26. Ne7+ Kf8 27. Nxc8 Rxc8 28. c4 b5 29. Bb7 Rc7 30. Bxa6 bxc4 31. Bxc4 Nf6 32. Ra1 Nb4 33. Ra8+ Ne8 34. Bb5 Re7 35. Rd1 f6 36. Bxe8 Rxe8 37. Rxe8+ Kxe8 38. Rxd6 1-0


[Site "https://www.chess.com"]

[Event "Titled Tuesday Blitz June 20 Early 2023"]
[White "Morefield, Jason"]
[Black "Zaitsev, Alexander"]
[WhiteFideId "30920825"]
[BlackFideId "4164490"]
[WhiteElo "2171"]
[BlackElo "2373"]
[Result "1-0"]
[Round "5"]
[TimeControl "180+2"]
[Date "2023.06.20"]
[WhiteClock "0:00:02"]
[BlackClock "0:00:00"]
[Board "55"]

1. e4 c5 2. Nf3 g6 3. c3 Bg7 4. d4 cxd4 5. cxd4 d5 6. e5 a6 7. Bd3 Nc6 8. O-O f6 9. Re1 Bg4 10. exf6 Nxf6 11. Be2 O-O 12. Nc3 Kh8 13. Ng5 Bd7 14. Bf3 e6 15. Nxe6 Bxe6 16. Rxe6 Ne4 17. Nxe4 dxe4 18. Rxe4 Nxd4 19. Bg4 h5 20. Bxh5 gxh5 21. Qxh5+ Kg8 22. Bg5 Qd5 23. Re7 Nf5 24. Ree1 Qf7 25. Qg4 Rae8 26. h4 Nd4 27. Rxe8 Qxf2+ 28. Kh2 Rxe8 29. Rd1 Nf5 30. Rd7 Qc5 31. Bf4 1-0


[Site "https://www.chess.com"]

[Event "Titled Tuesday Blitz June 20 Early 2023"]
[White "Tristan, Leonardo"]
[Black "Moskvin, Anatoly"]
[WhiteFideId "113816"]
[BlackFideId "24199990"]
[WhiteElo "2461"]
[BlackElo "2104"]
[Result "1-0"]
[Round "5"]
[TimeControl "180+2"]
[Date "2023.06.20"]
[WhiteClock "0:00:44"]
[BlackClock "0:00:06"]
[Board "56"]

1. d4 Nf6 2. Nf3 c5 3. c3 Qc7 4. Bg5 d5 5. Nbd2 Nbd7 6. e3 e6 7. Bd3 b6 8. O-O Bb7 9. Ne5 Nxe5 10. dxe5 Nd7 11. f4 g6 12. e4 h6 13. Bh4 g5 14. Bg3 gxf4 15. Bxf4 d4 16. cxd4 cxd4 17. Rc1 Qb8 18. Qh5 Nc5 19. Bb5+ Nd7 20. Bg5 Rh7 21. Bxd7+ 1-0


[Site "https://www.chess.com"]

[Event "Titled Tuesday Blitz June 20 Early 2023"]
[White "Herzog2012"]
[Black "Lavrik, Dmitry"]
[BlackFideId "24113190"]
[WhiteElo "2436"]
[BlackElo "2345"]
[Result "0-1"]
[Round "5"]
[TimeControl "180+2"]
[Date "2023.06.20"]
[WhiteClock "0:00:00"]
[BlackClock "0:01:06"]
[Board "57"]

1. e4 c5 2. Nf3 e6 3. d4 cxd4 4. Nxd4 Nf6 5. Nc3 Nc6 6. Ndb5 d6 7. Bf4 e5 8. Bg5 a6 9. Na3 b5 10. Nd5 Be7 11. Bxf6 Bxf6 12. c3 Ne7 13. Nxf6+ gxf6 14. Bd3 d5 15. Qe2 d4 16. cxd4 Rg8 17. O-O-O exd4 18. Nc2 Be6 19. Kb1 Nc6 20. f4 Qa5 21. b3 Bg4 22. Qf2 Bxd1 23. Rxd1 Qc3 24. e5 fxe5 25. fxe5 Rc8 26. Bxh7 Rg5 27. Bf5 Rc7 28. e6 fxe6 29. Bxe6 d3 30. Ne3 Nd4 31. Qh4 Nxe6 32. Qh8+ Qxh8 0-1


[Site "https://www.chess.com"]

[Event "Titled Tuesday Blitz June 20 Early 2023"]
[White "Fus, Jakub"]
[Black "Omariev, Maksim"]
[WhiteFideId "1193023"]
[BlackFideId "4193423"]
[WhiteElo "2335"]
[BlackElo "2373"]
[Result "0-1"]
[Round "5"]
[TimeControl "180+2"]
[Date "2023.06.20"]
[WhiteClock "0:00:00"]
[BlackClock "0:00:04"]
[Board "58"]

1. d4 d5 2. c4 e6 3. Nf3 Nf6 4. g3 Be7 5. Bg2 O-O 6. O-O dxc4 7. Qc2 a6 8. a4 Nc6 9. Qxc4 Nb4 10. Rd1 b5 11. Qc3 Bb7 12. Bf4 Nfd5 13. Qc1 Nxf4 14. gxf4 bxa4 15. Nc3 Bd6 16. Nxa4 Qf6 17. Ne5 Bxg2 18. Kxg2 Qf5 19. Ra3 f6 20. Nd3 Nxd3 21. Raxd3 Bxf4 22. Qc6 Bd6 23. Nc5 a5 24. Qe4 Qg5+ 25. Kh1 Rfe8 26. Rg1 Qh5 27. Qg2 g6 28. Rh3 Qd5 29. e4 Qxd4 30. Rxh7 g5 31. Rh5 Bxc5 32. Rxg5+ Kf8 33. Rg8+ Ke7 34. Qg7+ Kd6 35. Rxe8 Rxe8 36. Qg6 Re7 37. Qg4 f5 38. Qh5 Qxe4+ 39. f3 Qe3 40. Rd1+ Kc6 41. Qh3 Kb6 42. Qg2 e5 43. Rf1 f4 44. Qc2 Rd7 45. b3 Rd2 46. Qc4 Qe2 47. Qe6+ c6 0-1


[Site "https://www.chess.com"]

[Event "Titled Tuesday Blitz June 20 Early 2023"]
[White "Pavlidou, Ekaterini"]
[Black "Petrosian, Karlen"]
[WhiteFideId "4213262"]
[BlackFideId "4176146"]
[WhiteElo "2126"]
[BlackElo "2345"]
[Result "0-1"]
[Round "5"]
[TimeControl "180+2"]
[Date "2023.06.20"]
[WhiteClock "0:00:03"]
[BlackClock "0:00:08"]
[Board "59"]

1. d4 Nf6 2. c4 d6 3. Nc3 Bf5 4. g3 e5 5. d5 a5 6. Bg2 Na6 7. e4 Bg4 8. f3 Bd7 9. Nge2 Be7 10. Be3 O-O 11. O-O h6 12. h3 Nh7 13. f4 Bf6 14. f5 Bg5 15. Bf2 h5 16. h4 Bh6 17. Bf3 g6 18. Kg2 Kh8 19. g4 hxg4 20. Bxg4 gxf5 21. Bxf5 Bxf5 22. exf5 Rg8+ 23. Kh3 Qd7 24. Ng3 Nf6 25. Qf3 Rg4 26. Nce4 Rf4 27. Nxf6 Qe7 28. Qxf4 Bxf4 29. Nge4 Nb8 30. Rg1 Nd7 31. h5 Nxf6 32. Bh4 Qd7 33. Bxf6+ Kh7 34. Nf2 Qxf5+ 35. Ng4 Rg8 36. Bh4 Qd3+ 37. Bg3 Rg5 38. Nf6+ Kh8 39. Ng4 Rxh5+ 40. Kg2 Qxg3+ 41. Kf1 Qf3+ 42. Ke1 Bg3+ 0-1


[Site "https://www.chess.com"]

[Event "Titled Tuesday Blitz June 20 Early 2023"]
[White "Wang, Alexander J"]
[Black "Anuj Shrivatri"]
[WhiteFideId "30955270"]
[BlackFideId "35070924"]
[WhiteElo "2305"]
[BlackElo "2298"]
[Result "1/2-1/2"]
[Round "5"]
[TimeControl "180+2"]
[Date "2023.06.20"]
[WhiteClock "0:00:18"]
[BlackClock "0:00:45"]
[Board "60"]

1. e4 c5 2. Nf3 e6 3. d4 cxd4 4. Nxd4 Nc6 5. Nc3 Qc7 6. g3 a6 7. Bg2 h5 8. h4 Nf6 9. O-O Bc5 10. Be3 Ne5 11. Bf4 d6 12. Nb3 Ba7 13. Bxe5 dxe5 14. Qe2 Bd7 15. a4 O-O 16. Bf3 g6 17. Rad1 Rac8 18. Rd2 Qc4 19. Rfd1 Qxe2 20. Bxe2 Rc7 21. Kg2 Rfc8 22. f3 Kf8 23. Bd3 Ke7 24. Re2 Bd4 25. Nxd4 exd4 26. Nb1 Bxa4 27. b3 Be8 28. Nd2 Nd7 29. Nc4 b5 30. Nd2 Ne5 31. Ra1 Rc6 32. f4 Nxd3 33. cxd3 Rd6 34. e5 Rb6 35. Ne4 Bc6 36. Kf2 Bxe4 37. Rxe4 Rc3 38. Rxd4 Rxb3 39. Rc1 b4 40. Rc7+ Kf8 41. Rdd7 Rc3 42. Rxf7+ Ke8 43. Rfe7+ Kd8 44. Red7+ Ke8 45. Re7+ Kd8 46. Red7+ Ke8 47. Re7+ 1/2-1/2


[Site "https://www.chess.com"]

[Event "Titled Tuesday Blitz June 20 Early 2023"]
[White "Seemann, Jakub"]
[Black "Kollars, Dmitrij"]
[WhiteFideId "21874697"]
[BlackFideId "12909572"]
[WhiteElo "2364"]
[BlackElo "2584"]
[Result "0-1"]
[Round "5"]
[TimeControl "180+2"]
[Date "2023.06.20"]
[WhiteClock "0:00:00"]
[BlackClock "0:00:09"]
[Board "61"]

1. c4 e5 2. Nc3 Bb4 3. Nd5 a5 4. Nf3 d6 5. a3 Bc5 6. e3 c6 7. Nc3 Qe7 8. d3 Nf6 9. Be2 O-O 10. O-O Ba7 11. b4 Nbd7 12. Bb2 Re8 13. Qb3 Bb8 14. e4 Nf8 15. Rfe1 Bg4 16. Nd2 Ne6 17. h3 Bh5 18. Bxh5 Nxh5 19. Ne2 Nhf4 20. Nxf4 Nxf4 21. d4 Qg5 22. Qf3 Nxg2 23. Qxg2 Qxd2 24. f4 Qxg2+ 25. Kxg2 exf4 26. Kf3 Bc7 27. d5 f6 28. Kxf4 Kf7 29. Kf3 cxd5 30. exd5 Rxe1 31. Rxe1 axb4 32. axb4 Ra4 33. Bc3 Ra3 34. Rc1 Bb6 35. Ke4 g6 36. Kd3 f5 37. Re1 Bd8 38. Re6 Be7 39. Kc2 f4 40. Re4 g5 41. Kb2 Ra8 42. Bd4 Rc8 43. Kb3 h5 44. Re1 Bf6 45. Bb6 g4 46. hxg4 hxg4 47. c5 dxc5 48. bxc5 g3 49. d6 f3 50. d7 Rg8 51. c6 bxc6 52. Re3 f2 53. Rf3 Ke6 54. d8=Q Bxd8 55. Bxf2 gxf2 56. Rxf2 Bf6 57. Kb4 Be7+ 58. Kc4 Rg4+ 0-1


[Site "https://www.chess.com"]

[Event "Titled Tuesday Blitz June 20 Early 2023"]
[White "Narayanan.S.L"]
[Black "Martic, Ivan"]
[WhiteFideId "5058422"]
[BlackFideId "929301"]
[WhiteElo "2563"]
[BlackElo "2346"]
[Result "0-1"]
[Round "5"]
[TimeControl "180+2"]
[Date "2023.06.20"]
[WhiteClock "0:01:00"]
[BlackClock "0:00:06"]
[Board "62"]

1. f4 d5 2. Nf3 g6 3. e3 Bg7 4. d4 Nh6 5. Bd3 O-O 6. O-O c5 7. c3 Bf5 8. Ne5 Bxd3 9. Nxd3 Nd7 10. Nd2 Rc8 11. a4 Nf5 12. Nf3 cxd4 13. exd4 Nf6 14. Nf2 Nd6 15. Ne5 e6 16. Qe2 a6 17. a5 Nfe4 18. Nfd3 f6 19. Ng4 Re8 20. Ngf2 f5 21. Ne5 Nxf2 22. Qxf2 Bxe5 23. fxe5 Ne4 24. Qe2 Rc7 25. Be3 Rf7 26. g3 Ref8 27. Bh6 Re8 28. Rf3 Kh8 29. Be3 g5 30. Kh1 Rg8 31. Qg2 f4 32. Bg1 Rf5 33. g4 Rf7 34. Rh3 Rg6 35. c4 Qf8 36. Rf1 Rh6 37. cxd5 exd5 38. Rff3 Rxh3 39. Rxh3 f3 40. Rxf3 Rxf3 41. Qc2 Rf1 42. Qb3 Qf3+ 43. Qxf3 Rxf3 44. e6 Kg7 0-1


[Site "https://www.chess.com"]

[Event "Titled Tuesday Blitz June 20 Early 2023"]
[White "Eljanov, Pavel"]
[Black "Gubajdullin, Alexei"]
[WhiteFideId "14102951"]
[BlackFideId "4141202"]
[WhiteElo "2598"]
[BlackElo "2279"]
[Result "1-0"]
[Round "5"]
[TimeControl "180+2"]
[Date "2023.06.20"]
[WhiteClock "0:00:16"]
[BlackClock "0:00:00"]
[Board "63"]

1. d4 Nf6 2. c4 g6 3. Nc3 Bg7 4. e4 d6 5. h3 O-O 6. Be3 Na6 7. Nf3 e5 8. d5 Nc5 9. Nd2 a5 10. a3 Nh5 11. b4 axb4 12. axb4 Rxa1 13. Qxa1 Na6 14. c5 f5 15. c6 Nxb4 16. Qa4 bxc6 17. dxc6 d5 18. exd5 Qe7 19. Bc4 Kh8 20. Nb3 Nc2+ 21. Kd2 Nxe3 22. fxe3 Qh4 23. Re1 f4 24. e4 f3 25. gxf3 Rxf3 26. Re2 Nf4 27. Qa8 Qd8 28. Ba6 Nxe2 29. Bxe2 Rf8 30. Kc2 Qd6 31. Qa5 Bxh3 32. Nb5 Qf6 33. Qxc7 Qf2 34. Nc3 Bg4 35. Nc1 Bxe2 36. N1xe2 h5 37. d6 h4 38. d7 Qf6 39. Qc8 h3 40. c7 h2 41. d8=Q Qf2 42. Qh3+ 1-0


[Site "https://www.chess.com"]

[Event "Titled Tuesday Blitz June 20 Early 2023"]
[White "ATM622"]
[Black "Grandelius, Nils"]
[BlackFideId "1710400"]
[WhiteElo "2617"]
[BlackElo "2573"]
[Result "0-1"]
[Round "5"]
[TimeControl "180+2"]
[Date "2023.06.20"]
[WhiteClock "0:01:55"]
[BlackClock "0:02:22"]
[Board "64"]

1. d4 d5 2. c4 e6 3. Nf3 a6 4. g3 dxc4 5. Bg2 Nc6 6. O-O Rb8 7. a4 Nf6 8. Nc3 Bb4 9. Bg5 Be7 10. e4 O-O 11. h3 b5 12. axb5 axb5 13. Bxf6 Bxf6 14. e5 Be7 15. Ne4 Bb7 16. h4 Nb4 17. Qb1 Nd3 18. Nfg5 h6 19. Nh3 Qxd4 20. Nc3 Bxg2 21. Kxg2 b4 22. Ne2 Qe4+ 0-1


[Site "https://www.chess.com"]

[Event "Titled Tuesday Blitz June 20 Early 2023"]
[White "Becerra, Juan David"]
[Black "Drozdowski, Kacper"]
[WhiteFideId "4404998"]
[BlackFideId "1136720"]
[WhiteElo "2304"]
[BlackElo "2497"]
[Result "0-1"]
[Round "5"]
[TimeControl "180+2"]
[Date "2023.06.20"]
[WhiteClock "0:00:00"]
[BlackClock "0:00:32"]
[Board "65"]

1. e4 c5 2. d4 cxd4 3. c3 dxc3 4. Nxc3 Nc6 5. Nf3 e6 6. Bf4 a6 7. e5 Nge7 8. Bd3 Ng6 9. Bg3 Qa5 10. Qe2 Be7 11. O-O O-O 12. a3 f5 13. exf6 Rxf6 14. Ne4 Rf8 15. b4 Qd8 16. Nd6 Nf4 17. Qe4 Bxd6 18. Qxh7+ Kf7 19. Bxf4 Bxf4 20. Bg6+ Kf6 21. Bh5 Ne7 22. Qe4 g5 0-1


[Site "https://www.chess.com"]

[Event "Titled Tuesday Blitz June 20 Early 2023"]
[White "Bacrot, Etienne"]
[Black "Arat, Ufuk Sezen"]
[WhiteFideId "605506"]
[BlackFideId "6309089"]
[WhiteElo "2672"]
[BlackElo "2289"]
[Result "1-0"]
[Round "5"]
[TimeControl "180+2"]
[Date "2023.06.20"]
[WhiteClock "0:01:30"]
[BlackClock "0:00:30"]
[Board "66"]

1. e4 c5 2. Nf3 e6 3. c3 d5 4. exd5 Qxd5 5. d4 Nf6 6. Na3 Nc6 7. Nb5 Qd8 8. Bf4 Nd5 9. Bg3 a6 10. Na3 cxd4 11. Nxd4 Bxa3 12. Nxc6 bxc6 13. bxa3 Qa5 14. Qd2 Qxa3 15. c4 Nf6 16. Bd6 Qa4 17. Bd3 c5 18. Bc2 Qc6 19. O-O-O Bb7 20. Qa5 Qc8 21. Bxc5 Be4 22. Bxe4 1-0


[Site "https://www.chess.com"]

[Event "Titled Tuesday Blitz June 20 Early 2023"]
[White "Krstulovic, Alex"]
[Black "Grigoriants, Sergey"]
[WhiteFideId "760056"]
[BlackFideId "4130804"]
[WhiteElo "2311"]
[BlackElo "2502"]
[Result "0-1"]
[Round "5"]
[TimeControl "180+2"]
[Date "2023.06.20"]
[WhiteClock "0:02:19"]
[BlackClock "0:02:23"]
[Board "67"]

1. d4 Nf6 2. Nf3 d5 3. Bf4 c5 4. e3 Nc6 5. Nbd2 Bg4 6. c3 cxd4 7. exd4 e6 8. Qb3 Bd6 9. Qxb7 Bxf4 10. Qc7 Qxc7 0-1


[Site "https://www.chess.com"]

[Event "Titled Tuesday Blitz June 20 Early 2023"]
[White "Zavgorodniy, Sergiy"]
[Black "Xu, Yi"]
[WhiteFideId "14110148"]
[BlackFideId "8605564"]
[WhiteElo "2402"]
[BlackElo "2460"]
[Result "1/2-1/2"]
[Round "5"]
[TimeControl "180+2"]
[Date "2023.06.20"]
[WhiteClock "0:02:30"]
[BlackClock "0:01:01"]
[Board "68"]

1. d4 Nf6 2. c4 e6 3. Nf3 d5 4. e3 b6 5. Nbd2 Bb7 6. Bd3 Bd6 7. O-O O-O 8. Qe2 Nbd7 9. e4 dxe4 10. Nxe4 Nxe4 11. Bxe4 Bxe4 12. Qxe4 Nf6 13. Qe2 h6 14. b3 c5 15. Bb2 Qe7 16. Rad1 Rfd8 17. Rd3 Rd7 18. Rfd1 Rad8 19. Ne5 Bxe5 20. Qxe5 cxd4 21. Rxd4 Rxd4 22. Rxd4 Rxd4 23. Qxd4 Qb4 24. Qd8+ Kh7 25. Qd3+ Kg8 26. Qd8+ Kh7 27. Qd3+ Kg8 28. Qd8+ 1/2-1/2


[Site "https://www.chess.com"]

[Event "Titled Tuesday Blitz June 20 Early 2023"]
[White "Moksh Amit Doshi"]
[Black "Simonian, Hrair"]
[WhiteFideId "25064967"]
[BlackFideId "13302337"]
[WhiteElo "2297"]
[BlackElo "2447"]
[Result "1/2-1/2"]
[Round "5"]
[TimeControl "180+2"]
[Date "2023.06.20"]
[WhiteClock "0:00:05"]
[BlackClock "0:00:07"]
[Board "69"]

1. d4 Nf6 2. c4 b6 3. Nc3 Bb7 4. Qc2 d5 5. cxd5 Nxd5 6. e4 Nxc3 7. bxc3 e6 8. Nf3 Be7 9. Bb5+ c6 10. Bd3 c5 11. O-O cxd4 12. cxd4 O-O 13. Bb2 Nc6 14. a3 Rc8 15. Qe2 Bf6 16. Rfd1 Na5 17. a4 Re8 18. h3 g6 19. e5 Bg7 20. h4 h5 21. Ng5 Qd5 22. Be4 Qd7 23. Ba3 Bxe4 24. Nxe4 Nc4 25. Bb4 Qd5 26. Rac1 a6 27. Rc2 b5 28. axb5 axb5 29. Ra2 Ra8 30. Nc3 Rxa2 31. Qxa2 Qb7 32. Ra1 Rd8 33. Bc5 Bf8 34. Bxf8 Kxf8 35. Rb1 Rxd4 36. Rxb5 Qd7 37. Rb8+ Kg7 38. Qa8 Nxe5 39. Rg8+ Kf6 40. Ne4+ Kf5 41. f3 Qc7 42. Ng3+ Kf6 43. Ne4+ Kf5 44. Ng3+ Kf6 45. Ne4+ Rxe4 46. Qxe4 Qc1+ 47. Kh2 Qc7 48. Qf4+ Ke7 49. Kg3 Qc5 50. Ra8 Nd7 51. Ra4 Qd6 52. Qxd6+ Kxd6 53. Kf4 Ke7 54. Ra7 f6 55. Ke4 Kd6 56. Kd4 e5+ 57. Kc4 Nb6+ 58. Kb5 Nd5 59. Ra6+ Ke7 60. Kc5 Ne3 61. g3 Nf1 62. g4 Ne3 63. gxh5 gxh5 64. Ra7+ Ke6 65. Rh7 Kf5 66. Rxh5+ Kf4 67. Rh8 Kxf3 68. h5 Ng4 69. h6 Nxh6 70. Rxh6 f5 71. Rf6 f4 72. Kd5 e4 73. Ke5 e3 74. Rxf4+ Kg2 75. Re4 Kf2 76. Kf4 e2 77. Rxe2+ Kxe2 1/2-1/2


[Site "https://www.chess.com"]

[Event "Titled Tuesday Blitz June 20 Early 2023"]
[White "Goltsev, Dmitry"]
[Black "Janaszak, Dawid"]
[WhiteFideId "24176710"]
[BlackFideId "1119206"]
[WhiteElo "2356"]
[BlackElo "2220"]
[Result "1-0"]
[Round "5"]
[TimeControl "180+2"]
[Date "2023.06.20"]
[WhiteClock "0:01:40"]
[BlackClock "0:00:36"]
[Board "70"]

1. e4 e6 2. d4 c5 3. d5 exd5 4. exd5 d6 5. Nf3 Nf6 6. c4 Be7 7. Nc3 O-O 8. Bd3 Bg4 9. O-O Nbd7 10. Bf4 a6 11. Re1 Re8 12. Qc2 Bf8 13. Ng5 g6 14. h3 Bh5 15. g4 Bxg4 16. hxg4 Nxg4 17. Rxe8 Qxe8 18. Nf3 Nde5 19. Nxe5 dxe5 20. Bg3 f5 21. Re1 Bd6 22. Bxf5 gxf5 23. Qxf5 Qg6 24. Qxg6+ hxg6 25. Ne4 Rd8 26. Bh4 Rd7 27. f3 g5 28. fxg4 gxh4 29. Nf6+ 1-0


[Site "https://www.chess.com"]

[Event "Titled Tuesday Blitz June 20 Early 2023"]
[White "Sattarov, Bobir"]
[Black "Degenbaev, Aziz"]
[WhiteFideId "14203081"]
[BlackFideId "13802640"]
[WhiteElo "2351"]
[BlackElo "2152"]
[Result "1-0"]
[Round "5"]
[TimeControl "180+2"]
[Date "2023.06.20"]
[WhiteClock "0:00:58"]
[BlackClock "0:00:00"]
[Board "71"]

1. e4 c5 2. Nf3 d6 3. d4 cxd4 4. Nxd4 Nf6 5. f3 e5 6. Nb3 d5 7. Bg5 Be6 8. Bxf6 gxf6 9. exd5 Qxd5 10. Qxd5 Bxd5 11. Nc3 Be6 12. O-O-O Nc6 13. Nd5 Bh6+ 14. Kb1 O-O-O 15. Bc4 f5 16. Nc5 Na5 17. Ne7+ Kb8 18. Bxe6 fxe6 19. Nxe6 Rde8 20. Rd7 Bf8 21. Nd5 Nc6 22. Nxf8 Rexf8 23. Ne3 h5 24. Rhd1 Rhg8 25. R1d2 h4 26. c3 Rg6 27. b4 a6 28. a4 1-0


[Site "https://www.chess.com"]

[Event "Titled Tuesday Blitz June 20 Early 2023"]
[White "Vakhlamov, Igor L."]
[Black "Belov, Alexei"]
[WhiteFideId "24126748"]
[BlackFideId "4128206"]
[WhiteElo "2407"]
[BlackElo "2578"]
[Result "1-0"]
[Round "5"]
[TimeControl "180+2"]
[Date "2023.06.20"]
[WhiteClock "0:02:08"]
[BlackClock "0:01:37"]
[Board "72"]

1. e4 e6 2. d4 d5 3. Nc3 Nf6 4. Bd3 dxe4 5. Nxe4 Nxe4 6. Bxe4 c5 7. Nf3 Nc6 8. Be3 cxd4 9. Nxd4 Ne5 10. c3 Nc4 11. Qa4+ 1-0


[Site "https://www.chess.com"]

[Event "Titled Tuesday Blitz June 20 Early 2023"]
[White "Hayrapetyan, Hovik"]
[Black "Aldokhin, Ivan"]
[WhiteFideId "13302639"]
[BlackFideId "24115720"]
[WhiteElo "2348"]
[BlackElo "2322"]
[Result "1-0"]
[Round "5"]
[TimeControl "180+2"]
[Date "2023.06.20"]
[WhiteClock "0:00:07"]
[BlackClock "0:00:00"]
[Board "73"]

1. d4 Nf6 2. c4 g6 3. Nc3 Bg7 4. Nf3 d6 5. g3 O-O 6. Bg2 Nc6 7. d5 Na5 8. b3 c5 9. Bb2 a6 10. O-O b5 11. Nd2 Rb8 12. Qc2 e6 13. Rad1 bxc4 14. bxc4 exd5 15. cxd5 Re8 16. Rfe1 Ng4 17. Ba1 Bf5 18. e4 Bd7 19. h3 Nxf2 20. Kxf2 Bd4+ 21. Ke2 Qg5 22. Qd3 Rb4 23. a3 Rbb8 24. Rf1 Qh5+ 25. g4 Qh6 26. Qf3 Nb3 27. Nxb3 Rxb3 28. Rxd4 c4 29. Qxf7+ Kh8 30. Qf6+ Kg8 31. Qf7+ Kh8 32. Rd2 Reb8 33. Nd1+ c3 34. Nxc3 Rb2 35. Rxb2 Rxb2+ 36. Bxb2 Qg7 37. Qxg7+ Kxg7 38. Nb5+ Kg8 39. Nxd6 h5 40. Ke3 hxg4 41. hxg4 1-0


[Site "https://www.chess.com"]

[Event "Titled Tuesday Blitz June 20 Early 2023"]
[White "Srihari L R"]
[Black "MKlose11"]
[WhiteFideId "46617116"]
[WhiteElo "2334"]
[BlackElo "2575"]
[Result "1-0"]
[Round "5"]
[TimeControl "180+2"]
[Date "2023.06.20"]
[WhiteClock "0:00:20"]
[BlackClock "0:00:00"]
[Board "74"]

1. Nf3 Nf6 2. c4 c5 3. e3 g6 4. Nc3 Bg7 5. d4 cxd4 6. exd4 d5 7. cxd5 O-O 8. Qb3 Nbd7 9. Be2 Nb6 10. O-O Nbxd5 11. Bc4 Nb6 12. Be2 Be6 13. Qd1 Nfd5 14. Ng5 Bd7 15. Re1 Bc6 16. Bf3 Rc8 17. Nge4 Nf6 18. Nxf6+ Bxf6 19. Bh6 Re8 20. d5 Bd7 21. Rc1 Nc4 22. b3 Ne5 23. Be2 Ng4 24. Bxg4 Rxc3 25. Bf3 Rxc1 26. Qxc1 Bf5 27. Qa3 Bd4 28. Be3 Bxe3 29. Rxe3 a6 30. h3 Kf8 31. Qb4 b5 32. Qd4 Kg8 33. g4 Bc8 34. h4 Qd6 35. h5 h6 36. hxg6 Qxg6 37. d6 e5 38. d7 Bxd7 39. Qxd7 Re6 40. Qd5 h5 41. Be4 Qxg4+ 42. Rg3 1-0


[Site "https://www.chess.com"]